 Dungeon Crawl Stone Soup version 0.31-a0-221-gbddc013574 (webtiles) character file.

Game seed: 3491451141356840779

574 qw the Shooter (level 7, 0/43 HPs)
             Began as a Gargoyle Hexslinger on July 4, 2023.
             Was an Initiate of Okawaru.
             Killed by divine providence
             ... invoked by an orc priest
              (12 damage)
             ... on level 4 of the Dungeon.
             The game lasted 00:01:17 (2320 turns).

qw the Shooter (Gargoyle Hexslinger)                Turns: 2320, Time: 00:01:18

Health: 0/43       AC: 11    Str: 11    XL:     7   Next: 34%
Magic:  8/8        EV: 15    Int: 17    God:    Okawaru [......]
Gold:   214        SH:  4    Dex: 13    Spells: 7/8 levels left

rFire   . . .        Y - +1 sling (flame)
rCold   . . .        (no shield)
rNeg    + . .        l - +0 ring mail
rPois   inf          (helmet restricted)
rElec   +            f - +0 cloak
rCorr   .            (no gloves)
SInv    +            (no boots)
Will    .....        (no amulet)
Stlth   +            p - +5 ring of evasion
HPRegen 0.27/turn    m - ring of see invisible
MPRegen 0.11/turn

%: no passive effects
@: no status effects
A: sickness immunity, AC +4, negative energy resistance 1, electricity
resistance, torment resistance 1, petrification resistance, antennae 1, large
bone plates 1, clever 1
a: Renounce Religion


You were on level 4 of the Dungeon.
You worshipped Okawaru.
Okawaru was noncommittal.
You visited 2 branches of the dungeon, and saw 5 of its levels.

You collected 214 gold pieces.


Innate Abilities, Weirdness & Mutations

You are immune to sickness and miasma.
Your stone body is resilient. (AC +4)
You are immune to poison.
You resist negative energy. (rN+)
You are resistant to electric shocks. (rElec)
You are resistant to unholy torment.
You are immune to petrification.
You have a pair of small antennae on your head.
You are partially covered in large bone plates. (SH +4)
Your mind is acute. (Int +4, Str/Dex -1)


   Skills:
 - Level 4.0 Fighting
 + Level 6.8 Ranged Weapons
 - Level 1.0 Armour
 - Level 1.5 Dodging
 - Level 1.0 Spellcasting
 - Level 2.6 Hexes
 - Level 0.2 Invocations


You had 7 spell levels left.
You knew the following spells:

 Your Spells              Type           Power      Damage    Failure   Level
a - Slow                  Hex            36%        N/A       17%         1

Your spell library contained the following spells:

 Spells                   Type           Power      Damage    Failure   Level
 Inner Flame              Hex/Fire       5%         N/A       65%         3
 Portal Projectile        Hex/Tloc       10%        N/A       65%         3
 Cause Fear               Hex            4%         N/A       86%         4

Inventory:

Hand Weapons
 Y - a +1 sling of flaming (weapon)
Armour
 f - a +0 cloak (worn)
 l - a +0 ring mail (worn)
Jewellery
 a - a +6 ring of strength
 m - a ring of see invisible (right hand)
 p - a +5 ring of evasion (left hand)
Potions
 b - a potion of curing {unknown}
 c - a potion of lignification {unknown}
 g - a potion of enlightenment {unknown}
 h - a potion of might {unknown}
 i - a potion of berserk rage {unknown}
 j - a potion of resistance {unknown}
 k - 2 potions of heal wounds
 o - a potion of attraction {unknown}

Dungeon Overview and Level Annotations

Branches:
Dungeon (4/15)             Temple (1/1) D:4

Altars:
Dithmenos
Gozag
Hepliaklqana
Okawaru
Qazlal
Ru
Sif Muna
Trog
Uskayaw
Vehumet
Yredelemnul
The Shining One

Shops:
D:1 (

Annotations:
D:3 3 runed translucent doors, qw's ghost, amateur GrFi


Message History

The sling bullet closely misses the orc priest.
The orc priest barely misses you.
You shoot a sling bullet.
The sling bullet closely misses the orc priest.
You block the orc priest's attack. The orc priest barely misses you.
You shoot a sling bullet.
The sling bullet barely misses the orc priest.
The orc priest looks satisfied for a moment.
You shoot a sling bullet. The sling bullet hits the orc priest.
The sling bullet burns the orc priest.
The orc priest is lightly wounded.
The orc priest completely misses you.
You shoot a sling bullet. The sling bullet hits the orc priest.
The sling bullet burns the orc priest.
The orc priest is moderately wounded.
The orc priest closely misses you.
You shoot a sling bullet.
The sling bullet closely misses the orc priest.
The orc priest hits you with a +0 flail.
You shoot a sling bullet.
The sling bullet hits the orc priest but does no damage.
The orc priest is moderately wounded.
The orc priest closely misses you. You block the orc priest's attack.
You shoot a sling bullet.
The sling bullet closely misses the orc priest.
The orc priest misses you.
You shoot a sling bullet.
The sling bullet hits the orc priest but does no damage.
The orc priest is moderately wounded.
The orc priest hits you with a +0 flail.
You shoot a sling bullet. The sling bullet hits the orc priest.
The sling bullet burns the orc priest.
The orc priest is severely wounded.
The orc priest hits you but does no damage.
You shoot a sling bullet. The sling bullet hits the orc priest.
The sling bullet burns the orc priest.
The orc priest is almost dead.
The orc priest invokes the aid of Beogh against you.
Beogh smites you!
You die...

..#........#
..#........#......
##.#........#......
#..#........#.....
#..##'#######...# #
#............)).## ..
#......####......# ..#
#........###o...#.. #..
#..#.##....@).....8
#.#####.#.#.<...))......
#..8.8.8...............8
........................
.....8.8...............8
....#.....##.........#..
....................## .
.)........#####.....#
...........#### ...


You could see an orc priest.

Vanquished Creatures
  Grinder (D:4)
  A black bear (D:4)
  An ogre (D:4)
  An orc priest (D:4)
  An iguana (D:4)
  A hound zombie (D:3)
  4 adders
  2 dart slugs
  3 worms
  6 orcs (D:4)
  6 ball pythons
  6 bats
  8 endoplasms
  A giant cockroach (D:1)
  5 hobgoblins
  10 jackals
  A quokka (D:3)
  A ball python zombie (D:3)
  2 frilled lizards (D:2)
  8 goblins
  5 kobolds
  7 rats
81 creatures vanquished.

Notes
Turn   | Place    | Note
-------+----------+-------------------------------------------
     0 | D:1      | qw the Gargoyle Hexslinger began the quest for the Orb.
     0 | D:1      | Reached XP level 1. HP: 12/12 MP: 2/2
     0 | D:1      | 0 ||| qw: Version: 0.3-a-41-g9d075ac
     0 | D:1      | 0 ||| qw: Game counter: 771
     0 | D:1      | 0 ||| qw: Melee chars always use a shield: true
     0 | D:1      | 0 ||| qw: God list: Okawaru
     0 | D:1      | 0 ||| qw: Allow faded altars: false
     0 | D:1      | 0 ||| qw: Do Orc after clearing Dungeon:15 true
     0 | D:1      | 0 ||| qw: Do second Lair branch before Depths: true
     0 | D:1      | 0 ||| qw: Lair rune preference: random
     0 | D:1      | 0 ||| qw: Goals: Normal
     0 | D:1      | 0 ||| PLANNING D:1-11
    53 | D:1      | Reached XP level 2. HP: 16/16 MP: 3/3
    68 | D:1      | 68 ||| UPGRADING to +0 cloak.
    77 | D:1      | Found Dauhoket's Weapon Shop.
   167 | D:1      | Found a faded altar of an unknown god.
   334 | D:1      | Reached skill level 3 in Ranged Weapons
   490 | D:1      | 490 ||| READING scroll labelled HUCZAKHLOMA.
   491 | D:1      | 491 ||| READING scroll labelled GUSEMN JAQOLI.
   492 | D:1      | 492 ||| DROPPING scroll of poison.
   604 | D:2      | Reached XP level 3. HP: 21/21 MP: 4/4
   804 | D:2      | Found a shimmering blue altar of Sif Muna.
  1074 | D:2      | Reached XP level 4. HP: 26/26 MP: 5/5
  1245 | D:2      | 1245 ||| UPGRADING to +0 ring mail.
  1255 | D:2      | 1255 ||| DROPPING +0 robe.
  1256 | D:2      | 1256 ||| UPGRADING to +6 ring of strength.
  1257 | D:2      | 1257 ||| UPGRADING to ring of see invisible.
  1258 | D:2      | 1258 ||| UPGRADING to +5 ring of evasion.
  1260 | D:2      | 1260 ||| READING scroll labelled NODOONYT IBIDD.
  1278 | D:2      | 1278 ||| READING scroll labelled ULIVOX VOLAT.
  1279 | D:2      | 1279 ||| READING scroll labelled ZEZERY LI YCVE.
  1280 | D:2      | 1280 ||| DRINKING 2 viscous red potions.
  1287 | D:2      | 1287 ||| DROPPING potion of ambrosia.
  1364 | D:3      | Reached skill level 1 in Armour
  1386 | D:3      | Reached skill level 4 in Ranged Weapons
  1528 | D:3      | Found a hide-covered altar of Uskayaw.
  1530 | D:3      | Found a runed translucent gate.
  1530 | D:3      | Found a runed translucent gate.
  1530 | D:3      | Found a runed translucent gate.
  1530 | D:3      | Noticed qw's ghost (amateur GrFi)
  1532 | D:3      | 1532 ||| READING scroll labelled IREVALL CAMEM.
  1533 | D:3      | 1533 ||| READING scroll labelled FIEMEI PAVUU.
  1534 | D:3      | 1534 ||| DRINKING 2 brown potions.
  1535 | D:3      | Found a basalt altar of Yredelemnul.
  1730 | D:3      | 1730 ||| DRINKING 2 fizzy brown potions.
  1730 | D:3      | Gained mutation: You have a pair of small antennae on your
                  | head. [potion of mutation]
  1730 | D:3      | Gained mutation: You sometimes lose your temper in combat.
                  | [potion of mutation]
  1730 | D:3      | Gained mutation: You have hidden genetic potential. [potion
                  | of mutation]
  1731 | D:3      | 1731 ||| DRINKING potion of mutation.
  1731 | D:3      | Lost mutation: You sometimes lose your temper in combat.
                  | [potion of mutation]
  1731 | D:3      | Lost mutation: You have hidden genetic potential. [potion
                  | of mutation]
  1731 | D:3      | Gained mutation: You are partially covered in large bone
                  | plates. (SH +4) [potion of mutation]
  1731 | D:3      | Gained mutation: Your mind is acute. (Int +4, Str/Dex -1)
                  | [potion of mutation]
  1732 | D:3      | 1732 ||| DRINKING 3 metallic grey potions.
  1733 | D:3      | 1733 ||| DROPPING potion of invisibility.
  1752 | D:4      | Found a staircase to the Ecumenical Temple.
  1753 | D:4      | 1753 ||| PLANNING TEMPLE
  1753 | D:4      | 1753 ||| STAIRDANCE
  1792 | D:4      | 1792 ||| STAIRDANCE
  1796 | D:3      | Reached XP level 5. HP: 29/30 MP: 6/6
  1836 | D:4      | 1836 ||| STAIRDANCE
  1899 | D:4      | Noticed Grinder
  1904 | Temple   | Entered the Ecumenical Temple
  1910 | Temple   | 1910 ||| PLANNING OKAWARU WORSHIP
  1941 | Temple   | Became a worshipper of Warmaster Okawaru
  1942 | Temple   | 1942 ||| PLANNING D:1-11
  1950 | D:4      | Paralysed by Grinder for 5 turns
  1971 | D:4      | Killed Grinder
  1972 | D:4      | Reached skill level 6 in Ranged Weapons
  1972 | D:4      | Reached XP level 6. HP: 25/35 MP: 7/7
  1972 | D:4      | 1972 ||| FLEEEEING.
  1973 | D:4      | 1973 ||| FLEEEEING.
  1980 | D:4      | 1980 ||| FLEEEEING.
  1981 | D:4      | 1981 ||| FLEEEEING.
  1982 | D:4      | 1982 ||| FLEEEEING.
  1983 | D:4      | 1983 ||| FLEEEEING.
  1984 | D:4      | 1984 ||| STAIRDANCE
  2157 | D:4      | Reached * piety under Okawaru
  2158 | D:4      | Reached skill level 3 in Fighting
  2158 | D:4      | 2158 ||| INVOKING Heroism.
  2161 | D:4      | Reached XP level 7. HP: 17/42 MP: 5/8
  2283 | D:4      | 2283 ||| INVOKING Heroism.
  2297 | D:4      | 2297 ||| INVOKING Heroism.
  2320 | D:4      | Killed from afar by an orc priest

Levels and vault maps discovered:
D:1:      psy_arrival_spokes, layout_rooms, serial_shops,
          nicolae_shop_tiny_glass, dreamdust_ecumenical_altar_hidden_monk_grotto
D:2:      layout_loops_ring, basic_altar
D:3:      layout_rooms, mainiacjoe_overflow_tiny_flanked,
          nicolae_yredelemnul_ghost_church
D:4:      layout_cave_pools, old_standard_altar, overflow_temple_1_default,
          kennysheep_mini, minmay_temple_entry_sparse_star, serial_column_ruins,
          column_ruins_hut_ruined, column_ruins_hut,
          column_ruins_columns_corner, column_ruins_open_small,
          column_ruins_grid_1, column_ruins_grid_3,
          column_ruins_corridor_straight, serial_shops, nicolae_diamond_shop,
          minivault_25, uniq_grinder
Temple:   nicolae_temple_ecumenical_triangle

Skill      XL: |  1  2  3  4  5  6  7 |
---------------+----------------------+-----
Ranged Weapons | 3 4 6 |  6.8
Fighting       | 2 3 4 |  4.0
Armour         | 1 |  1.0
Dodging        | |  1.5
Spellcasting   | |  1.0
Hexes          | |  2.6
Invocations    | |  0.2

Action                     |  1- 3 |  4- 6 |  7- 9 || total
---------------------------+-------+-------+-------++-------
   Fire: Sling             |   116 |   132 |    39 ||   287
 Invoke: Heroism           |       |     1 |     2 ||     3
    Use: Scroll            |     2 |     5 |       ||     7
         Potion            |       |     5 |       ||     5
 Armour: Robe              |    33 |       |       ||    33
         Ring mail         |       |    28 |    18 ||    46
  Dodge: Dodged            |    62 |    67 |    53 ||   182
  Block: Other             |       |     4 |    11 ||    15

Table legend:
 A = Non-vault XP
 B = Vault XP
 C = Vault XP percentage of total XP
 D = Non-vault monster count
 E = Vault monster count
 F = Vault count percentage of total count
                 A         B        C        D         E       F
            +---------+---------+-------+---------+---------+-------
      Total |     517 |     303 |  37.0 |      78 |       3 |   3.7
            +---------+---------+-------+---------+---------+-------
        D:1 |      24 |       0 |   0.0 |      16 |       0 |   0.0
        D:2 |      68 |       0 |   0.0 |      28 |       0 |   0.0
        D:3 |      54 |      22 |  28.9 |      17 |       2 |  10.5
        D:4 |     371 |     281 |  43.1 |      17 |       1 |   5.6
            +---------+---------+-------+---------+---------+-------
